 Dungeon Crawl Stone Soup version 0.24-a0-464-g6b2be6b8c7 (webtiles) character file.

Game seed: 14764494898443826200

134808 Peloso the Hoplite (level 16, 0/149 HPs)
             Began as a Minotaur Fighter on July 3, 2019.
             Was the Champion of Okawaru.
             Drowned by a drowned soul (13 damage)
             ... summoned by a merfolk avatar
             ... on level 3 of the Shoals on July 4, 2019.
             The game lasted 01:41:49 (31946 turns).

Peloso the Hoplite (Minotaur Fighter)              Turns: 31946, Time: 01:41:50

Health: 0/149      AC: 25    Str: 30    XL:     16   Next: 63%
Magic:  16/16      EV: 11    Int:  1    God:    Okawaru [******]
Gold:   2130       SH: 24    Dex: 17    Spells: 15/15 levels left

rFire    . . .     SeeInvis .   a - +7 double sword of Magyicw {holy, rElec}
rCold    + . .     Gourm    .   c - +0 shield
rNeg     . . .     Faith    .   Y - +0 plate armour
rPois    +         Spirit   .   W - +1 hat of the Catamount {rPois}
rElec    +         Reflect  +   x - scarf {repulsion}
rCorr    .         Harm     .   v - +0 pair of gloves of the Hanged Man {rC+ MR+ Str+4 Int-4}
MR       ++...                  U - +2 pair of boots {Fly}
Stlth    ..........             B - +6 amulet of reflection
HPRegen  0.34/turn              e - +5 ring of dexterity
MPRegen  0.15/turn              i - +3 ring of protection

@: flying, mesmerised, repel missiles
A: retaliatory headbutt, horns 2
a: Heroism, Finesse, Renounce Religion, Stop Flying


You were on level 3 of the Shoals.
You worshipped Okawaru.
Okawaru was exalted by your worship.
You were not hungry.

You visited 5 branches of the dungeon, and saw 27 of its levels.
You also visited: Gauntlet.

You collected 2927 gold pieces.
You spent 797 gold pieces at shops.

Inventory:

Hand Weapons
 a - the +7 double sword of Magyicw (weapon) {holy, rElec}
   (Okawaru gifted it to you on level 6 of the Lair of Beasts)

   It has been blessed by the Shining One to cause great damage to the undead
   and demons.
   It insulates you from electricity.
 b - the +6 demon blade of Vengeance {pain, rF- rC+++ rN+++ Str+4}
   (Okawaru gifted it to you on level 1 of the Shoals)

   In the hands of one skilled in necromantic magic, it inflicts extra damage on
   living creatures.
   It affects your strength (+4).
   It makes you vulnerable to fire.
   It renders you almost immune to cold.
   It renders you almost immune to negative energy.
 u - a +0 scimitar of flaming
Armour
 c - a +0 shield (worn)
 v - the +0 pair of gloves of the Hanged Man (worn) {rC+ MR+ Str+4 Int-4}
   (You took it off Nikola on level 1 of the Shoals)

   It affects your strength (+4).
   It affects your intelligence (-4).
   It protects you from cold.
   It affects your resistance to hostile enchantments.
 x - a scarf of repulsion (worn)
 A - a scarf of cloud immunity
 P - a +2 hat of magic resistance
 T - the +2 cloak of the Thief {+Fog Slay-2 SInv Stlth+}
   (You bought it in a shop on level 9 of the Dungeon)

   It affects your accuracy and damage with ranged weapons and melee attacks
   (-2).
   It lets you see invisible.
   It makes you more stealthy.
 U - a +2 pair of boots of flying (worn)
 W - the +1 hat of the Catamount (worn) {rPois}
   (Okawaru gifted it to you on level 14 of the Dungeon)

   It protects you from poison.
 Y - a +0 plate armour (worn)
Jewellery
 e - a +5 ring of dexterity (left hand)
 i - a +3 ring of protection (right hand)
 p - an uncursed ring of see invisible
 s - an uncursed ring of resist corrosion
 t - an uncursed ring of protection from cold
 y - an uncursed ring of protection from fire
 B - a +6 amulet of reflection (around neck)
Wands
 C - a wand of random effects (55)
 E - a wand of clouds (4)
 R - a wand of digging (5)
Scrolls
 g - a scroll of enchant armour
 h - 2 scrolls of enchant weapon
 k - 17 scrolls of teleportation
 m - 17 scrolls of remove curse
 o - 5 scrolls of blinking
 r - 3 scrolls of magic mapping
 w - 3 scrolls of fear
 D - 4 scrolls of identify
 G - a scroll of fog
 H - a scroll of silence {unknown}
 I - a scroll of summoning
 K - 2 scrolls of noise
 L - a scroll of holy word
Potions
 d - 6 potions of might
 j - 6 potions of heal wounds
 l - 11 potions of curing
 n - 3 potions of agility
 q - 2 potions of resistance
 z - 4 potions of haste
 F - a potion of berserk rage
Comestibles
 f - 44 rations
 J - 9 chunks of flesh


   Skills:
 + Level 15.4 Fighting
 + Level 17.4 Long Blades
 + Level 14.0 Armour
 + Level 4.3 Dodging
 + Level 2.9 Stealth
 + Level 21.1 Shields
 + Level 1.3 Invocations
 + Level 0.3 Evocations


You had 15 spell levels left.
You didn't know any spells.
Your spell library contained the following spells:

 Spells                   Type           Power        Failure   Level  Hunger
 Apportation              Tloc           #.....       99%         1    ##.....
 Beastly Appendage        Tmut           #.....       99%         1    ##.....
 Flame Tongue             Conj/Fire      #....        99%         1    ##.....
 Magic Dart               Conj           #...         99%         1    ##.....
 Sandblast                Erth           #.....       99%         1    ##.....
 Shock                    Conj/Air       #...         99%         1    ##.....
 Summon Butterflies       Summ           #.......     99%         1    ##.....
 Blink                    Tloc           N/A          99%         2    ###....
 Call Imp                 Summ           #.......     99%         2    ###....
 Corpse Rot               Necr           N/A          99%         2    ###....
 Passwall                 Tmut/Erth      #.......     99%         2    ###....
 Searing Ray              Conj           #.....       99%         2    ###....
 Slow                     Hex            #.......     99%         2    ###....
 Sticks to Snakes         Tmut           #.......     99%         2    ###....
 Sublimation of Blood     Necr           #.........   99%         2    ###....
 Swiftness                Chrm/Air       #.......     99%         2    ###....
 Conjure Flame            Conj/Fire      #.......     100%        3    ####...
 Dazzling Spray           Conj/Hex       #.....       100%        3    ####...
 Lesser Beckoning         Tloc           #.........   100%        3    ####...
 Mephitic Cloud           Conj/Pois/Air  #.......     100%        3    ####...
 Spider Form              Tmut/Pois      #.........   100%        3    ####...
 Static Discharge         Conj/Air       #.......     100%        3    ####...
 Stone Arrow              Conj/Erth      #.....       100%        3    ####...
 Tukima's Dance           Hex            #.......     100%        3    ####...
 Airstrike                Air            #.........   100%        4    #####..
 Cause Fear               Hex            #.........   100%        4    #####..
 Force Lance              Conj/Tloc      #.......     100%        4    #####..
 Fulminant Prism          Conj/Hex       #.........   100%        4    #####..
 Ice Form                 Ice/Tmut       #.......     100%        4    #####..
 Iskenderun's Mystic Bla  Conj           #.......     100%        4    #####..
 Petrify                  Tmut/Erth      #.......     100%        4    #####..
 Agony                    Necr           #.......     100%        5    ######.
 Alistair's Intoxication  Tmut/Pois      #.......     100%        5    ######.
 Blade Hands              Tmut           #.........   100%        5    ######.
 Bolt of Draining         Conj/Necr      #.........   100%        5    ######.
 Dispel Undead            Necr           #.......     100%        5    ######.
 Excruciating Wounds      Chrm/Necr      #.........   100%        5    ######.
 Lee's Rapid Deconstruct  Erth           #.........   100%        5    ######.
 Lightning Bolt           Conj/Air       #.........   100%        5    ######.
 Metabolic Englaciation   Hex/Ice        #.........   100%        5    ######.
 Bolt of Cold             Conj/Ice       #.........   100%        6    #######
 Bolt of Fire             Conj/Fire      #.........   100%        6    #######
 Freezing Cloud           Conj/Ice/Air   #.........   100%        6    #######
 Invisibility             Hex            #.......     100%        6    #######
 Ozocubu's Refrigeration  Ice            #.........   100%        6    #######
 Simulacrum               Ice/Necr       #.........   100%        6    #######
 Dragon Form              Tmut           #.........   100%        7    #######
 Dragon's Call            Summ           #.........   100%        9    #######


Dungeon Overview and Level Annotations

Branches:
Dungeon (15/15) Temple (1/1) D:4 Lair (6/6) D:10 Shoals (3/4) Lair:2 Spider (0/4) Lair:4 Slime (0/5) Lair:6 Orc (2/2) D:12 Elf (0/3) Orc:2 Vaults (0/5) D:12 D:13 Depths (0/5) D:15

Altars:
Elyvilon
Fedhas
Gozag
Nemelex Xobeh
Okawaru
Sif Muna
Wu Jian
Xom
Yredelemnul
Zin
The Shining One

Shops:
D:6 !   D:9 [   Orc:2 ?(*:[

Portals:
Trove: D:14 (give 13 potions of heal wounds)

Annotations:
Shoals:3 2 transporters


Innate Abilities, Weirdness & Mutations

You reflexively headbutt those who attack you in melee.
You have a pair of horns on your head.


Message History

You barely miss the merfolk avatar.
You headbutt the merfolk avatar, but do no damage.
The merfolk avatar is moderately wounded.
The merfolk throws a boomerang.
You reflect the boomerang off an invisible shield around you!
The boomerang hits the merfolk!
The weapon returns to the merfolk!
You block the drowned soul's attack.
You closely miss the merfolk avatar. You headbutt the merfolk avatar.
The merfolk avatar is heavily wounded.
The drowned soul touches you. The drowned soul drowns you!
* * * LOW HITPOINT WARNING * * *
The merfolk avatar chants its luring song.
The merfolk throws a boomerang.
You reflect the boomerang off an invisible shield around you!
The boomerang barely misses the merfolk.
The weapon returns to the merfolk!
The drowned soul touches you. The drowned soul drowns you!
* * * LOW HITPOINT WARNING * * *
You feel better. The drowned soul touches you. The drowned soul drowns you!
You die...

≈≈≈≈≈≈≈≈≈W≈≈≈≈≈
≈≈≈≈≈≈≈≈≈≈≈≈≈≈≈
≈≈≈≈≈≈≈≈≈≈≈≈≈≈≈
≈≈≈WW≈≈≈.≈≈≈≈≈≈
≈≈≈≈≈≈≈≈≈≈≈≈≈≈≈≈
≈≈≈≈≈≈≈≈≈≈≈≈≈≈≈≈
≈≈≈≈≈≈≈≈≈≈≈≈≈≈≈≈≈
≈≈≈≈≈≈≈≈@≈≈≈≈≈≈≈≈≈
≈≈≈≈≈≈.m.≈)..≈≈≈≈≈
≈≈≈≈.≈......≈≈≈≈≈
##≈≈........≈≈≈≈≈
#≈≈........m≈≈≈≈
#≈≈.........≈≈≈≈
#≈≈....÷[†#.≈≈≈
###≈≈.......#..≈≈
###≈≈.....>..$.≈≈


You could see a merfolk avatar, a merfolk and 3 drowned souls.

Vanquished Creatures
  Nikola (Shoals:1)
  Jorgrun (Lair:2)
  Gastronok (D:9)
  2 orc warlords
  2 entropy weavers
  A minotaur (Gauntlet)
  A merfolk impaler (Shoals:1)
  A merfolk javelineer (Shoals:1)
  A fire dragon (D:15)
  A great orb of eyes (D:14)
  Erolcha (D:10)
  5 hydras
  An ice dragon (D:15)
  Harold (D:10)
  4 centaur warriors
  A death knight (D:15)
  Erica (D:8)
  2 merfolk avatars
  3 catoblepae
  4 death yaks (Lair:6)
  A merfolk aquamancer (Lair:2)
  A queen ant (Lair:4)
  3 tengu warriors
  An ogre mage (D:14)
  5 two-headed ogres
  A deep troll shaman (Lair:6)
  6 orc high priests (Orc:2)
  Sonja (Lair:4)
  A skeletal warrior (D:15)
  10 sea snakes
  2 unseen horrors
  A lindwurm (Lair:6)
  2 wizards
  Pikel (D:6)
  7 orc knights
  4 harpies (Shoals:3)
  A deep elf mage (D:11)
  7 manticores
  2 ugly things
  8 fauns (Shoals:2)
  4 orc sorcerers (Orc:2)
  6 oklob plants
  4 cyclopes
  4 elephants (Lair:6)
  2 black mambas
  5 merfolk sirens
  2 centaur zombies
  4 water nymphs
  A gargoyle (D:14)
  8 spiny frogs
  4 komodo dragons
  3 kobold demonologists
  4 harpy zombies (Shoals:3)
  2 freezing wraiths (D:15)
  A queen bee (D:9)
  18 merfolk
  8 trolls
  3 wind drakes
  A tengu conjurer (Lair:2)
  3 meliai (Gauntlet)
  A hornet (shapeshifter) (D:14)
  3 polar bears
  12 blink frogs
  4 snapping turtles
  11 hippogriffs
  2 hornets
  21 slime creatures
  4 dream sheep (Shoals:1)
  14 flying skulls (Gauntlet)
  9 water elementals
  4 shadows
  3 redbacks (Lair:4)
  4 wraiths
  3 wyverns
  34 yaks
  16 humans
  Grum (Lair:1)
  2 vampire mosquitoes (D:14)
  5 hungry ghosts
  8 basilisks
  Menkaure (D:7)
  2 steam dragons
  4 wargs
  10 soldier ants
  Duvessa (D:7)
  14 water moccasins
  7 porcupines
  5 sky beasts
  2 black bears
  35 orc warriors
  2 eyes of draining
  2 necrophages (D:10)
  6 ice beasts
  6 phantoms
  A hornet zombie (D:3)
  20 wolves
  16 centaurs
  18 ogres
  15 crocodiles
  A hippogriff zombie (Shoals:3)
  10 big kobolds
  Blork the orc (D:5)
  24 bullfrogs
  Dowan (D:7)
  2 scorpions
  A wyvern skeleton (D:15)
  20 killer bees (D:9)
  4 electric eels (D:15)
  A howler monkey (D:12)
  6 crimson imps
  A bullfrog zombie (D:12)
  8 jellies
  A quasit (D:12)
  3 bullfrog skeletons
  6 hounds
  12 orc wizards
  6 centaur skeletons
  18 orc priests
  2 gnoll shamans
  7 hell rats (Lair:3)
  5 iguanas
  27 worker ants
  A hound zombie (D:9)
  A howler monkey zombie (D:8)
  2 worker ant zombies
  17 gnolls
  10 adders
  4 shadow imps
  2 oozes
  An adder zombie (D:9)
  2 adder skeletons
  4 worms
  6 leopard geckos
  59 orcs
  6 ball pythons
  A bat (D:2)
  5 giant cockroaches
  7 hobgoblins
  A jackal (D:5)
  19 kobolds
  9 quokkas
  4 frilled lizards
  5 goblins
  A leopard gecko skeleton (D:5)
  A leopard gecko zombie (D:5)
  2 quokka skeletons
  5 rats
  4 fungi
  3 plants
864 creatures vanquished.

Vanquished Creatures (others)
  4 cyclopes
  A yaktaur (D:15)
  A merfolk (Shoals:3)
  A sky beast (D:12)
  An orc warrior (Orc:2)
  A centaur (D:10)
  An orc priest (Orc:2)
  An orc (Orc:2)
  A kobold (D:15)
  21 fungi
  2 plants
35 creatures vanquished.

Grand Total: 899 creatures vanquished

Notes
Turn   | Place    | Note
-------+----------+-------------------------------------------
     0 | D:1      | Peloso the Minotaur Fighter began the quest for the Orb.
     0 | D:1      | Reached XP level 1. HP: 19/19 MP: 0/0
   420 | D:1      | Reached skill level 4 in Shields
   429 | D:1      | Reached XP level 2. HP: 17/27 MP: 1/1
   734 | D:2      | Reached XP level 3. HP: 27/33 MP: 2/2
  1168 | D:2      | Reached XP level 4. HP: 38/40 MP: 3/3
  1638 | D:3      | Found a blossoming altar of Fedhas.
  1638 | D:3      | Found a white marble altar of Elyvilon.
  1639 | D:3      | Found a glowing silver altar of Zin.
  1705 | D:3      | You fall into a shaft and drop 3 floors!
  1731 | D:5      | Entered Level 5 of the Dungeon
  1777 | D:5      | Noticed a centaur
  1798 | D:5      | Reached XP level 5. HP: 37/46 MP: 4/4
  1812 | D:5      | Killed a centaur
  1812 | D:5      | Reached skill level 5 in Long Blades
  1812 | D:5      | Reached skill level 1 in Dodging
  1812 | D:5      | Reached skill level 5 in Shields
  2127 | D:5      | Reached XP level 6. HP: 49/53 MP: 5/5
  2170 | D:4      | Reached skill level 5 in Armour
  2348 | D:4      | Reached XP level 7. HP: 53/60 MP: 6/6
  2382 | D:4      | Reached skill level 6 in Shields
  2608 | D:4      | Reached skill level 5 in Fighting
  2717 | D:4      | Found a basalt altar of Yredelemnul.
  2818 | D:4      | Found a staircase to the Ecumenical Temple.
  2832 | Temple   | Entered the Ecumenical Temple
  2845 | Temple   | Became a worshipper of Warmaster Okawaru
  3214 | D:3      | Found an opulent altar of Gozag.
  3519 | D:3      | Found a shimmering altar of Xom.
  3771 | D:5      | Noticed Blork the orc
  3780 | D:5      | Killed Blork the orc
  4173 | D:5      | Reached XP level 8. HP: 55/68 MP: 7/7
  4390 | D:6      | Noticed Pikel
  4435 | D:6      | Killed Pikel
  4435 | D:6      | Reached skill level 7 in Shields
  4449 | D:6      | Got a steaming flail
  4450 | D:6      | Identified the cursed +3 flail "Fileb" {crush, +Fly Int+8
                  | Dex-3} (You found it on level 6 of the Dungeon)
  4684 | D:6      | Found Tauj's Distillery.
  4693 | D:6      | Bought a potion of berserk rage for 55 gold pieces
  4693 | D:6      | Bought a potion of brilliance for 44 gold pieces
  4693 | D:6      | Bought 2 potions of might for 88 gold pieces
  4693 | D:6      | Bought a potion of degeneration for 11 gold pieces
  4693 | D:6      | Bought a potion of flight for 33 gold pieces
  4786 | D:6      | Reached * piety under Okawaru
  4818 | D:6      | Reached XP level 9. HP: 69/78 MP: 8/8
  5115 | D:7      | Found a sparkling altar of Nemelex Xobeh.
  5250 | D:7      | Reached skill level 8 in Shields
  5499 | D:7      | Noticed Duvessa
  5499 | D:7      | Noticed Dowan
  5518 | D:7      | Killed Duvessa
  5518 | D:7      | Reached ** piety under Okawaru
  5520 | D:7      | Killed Dowan
  5520 | D:7      | Reached skill level 1 in Stealth
  5597 | D:7      | Noticed Menkaure
  5603 | D:7      | Killed Menkaure
  5778 | D:7      | Reached skill level 10 in Long Blades
  6393 | D:7      | Reached skill level 9 in Shields
  6687 | D:8      | Noticed Erica
  6706 | D:8      | Killed Erica
  6706 | D:8      | Reached *** piety under Okawaru
  6706 | D:8      | Reached XP level 10. HP: 88/88 MP: 6/9
  6720 | D:8      | Noticed a two-headed ogre
  6734 | D:8      | Killed a two-headed ogre
  6734 | D:8      | Reached skill level 10 in Shields
  6891 | D:8      | Got a fabulously ornate robe
  7151 | D:8      | Identified the +1 robe of Xom's Supremacy {rElec rPois rF-
                  | Slay+4} (You found it on level 8 of the Dungeon)
  7200 | D:9      | Found an ornate altar of the Wu Jian Council.
  7343 | D:9      | Noticed a two-headed ogre
  7346 | D:9      | Reached **** piety under Okawaru
  7357 | D:9      | Killed a two-headed ogre
  7357 | D:9      | Reached skill level 11 in Shields
  7369 | D:9      | Noticed Gastronok
  7408 | D:9      | Killed Gastronok
  7408 | D:9      | Reached XP level 11. HP: 68/95 MP: 8/10
  7753 | D:9      | Reached ***** piety under Okawaru
  7815 | D:9      | Found Yquw Qaw's Armour Emporium.
  7960 | D:9      | Got a spiked leather armour
  7971 | D:9      | Identified the cursed +1 leather armour of the Harp {Str+7}
                  | (You found it on level 9 of the Dungeon)
  8248 | D:10     | Entered Level 10 of the Dungeon
  8255 | D:10     | Reached skill level 12 in Shields
  8259 | D:10     | Noticed Erolcha
  8285 | D:10     | Killed Erolcha
  8285 | D:10     | Received a gift from Okawaru
  8300 | D:10     | Got a brightly glowing ring mail {god gift}
  8311 | D:10     | Identified the +2 ring mail "Gaoroax" {+Inv rF- rCorr
                  | Str+8} (Okawaru gifted it to you on level 10 of the
                  | Dungeon)
  8362 | D:10     | Found a staircase to the Lair.
  8362 | D:10     | Noticed Harold
  8831 | D:10     | Killed Harold
  9789 | D:10     | Reached skill level 10 in Fighting
  9921 | D:9      | Bought the +2 cloak of the Thief {+Fog Slay-2 SInv Stlth+}
                  | for 241 gold pieces
  9921 | D:9      | Found the +2 cloak of the Thief {+Fog Slay-2 SInv Stlth+}
 10001 | D:11     | Reached skill level 10 in Armour
 10169 | D:11     | Reached XP level 12. HP: 67/106 MP: 11/11
 10323 | D:11     | Received a gift from Okawaru
 10440 | D:11     | Reached skill level 13 in Shields
 10698 | Lair:1   | Entered Level 1 of the Lair of Beasts
 10955 | Lair:1   | Noticed Grum
 10977 | Lair:1   | Killed Grum
 11209 | Lair:1   | Reached skill level 14 in Shields
 11362 | Lair:1   | Got a smoking chain mail
 11368 | Lair:1   | Identified the +5 chain mail "Pehon" {+Blink Regen+ Slay-4}
                  | (You found it on level 1 of the Lair of Beasts)
 12199 | Lair:2   | Found a staircase to the Shoals.
 12235 | Lair:2   | Reached ****** piety under Okawaru
 12235 | Lair:2   | Received a gift from Okawaru
 12937 | Lair:2   | Noticed a catoblepas
 12953 | Lair:2   | Killed a catoblepas
 13267 | Lair:3   | Reached skill level 15 in Long Blades
 13272 | Lair:3   | Reached XP level 13. HP: 103/116 MP: 12/12
 14075 | D:12     | Reached skill level 15 in Shields
 14467 | D:12     | Found a staircase to the Orcish Mines.
 15636 | Lair:4   | Noticed an entropy weaver
 15752 | Lair:3   | Received a gift from Okawaru
 15828 | Lair:3   | Killed an entropy weaver
 16123 | Lair:4   | Noticed Sonja
 16130 | Lair:4   | Killed Sonja
 16130 | Lair:4   | Reached skill level 16 in Shields
 16205 | Lair:4   | Found a hole to the Spider Nest.
 16524 | Lair:4   | Noticed an entropy weaver
 17067 | Lair:4   | Killed an entropy weaver
 17513 | Lair:5   | Reached XP level 14. HP: 123/127 MP: 13/13
 17549 | Lair:5   | Received a gift from Okawaru
 18111 | D:13     | Found a gate to the Vaults.
 18603 | D:13     | Reached skill level 17 in Shields
 18900 | D:13     | Got a faintly humming ring mail
 19485 | D:14     | Found a portal to a secret trove of treasure.
 19638 | D:14     | Received a gift from Okawaru
 19641 | D:14     | Got a twisted hat {god gift}
 19652 | D:14     | Identified the +1 hat of the Catamount {rPois} (Okawaru
                  | gifted it to you on level 14 of the Dungeon)
 20061 | D:14     | Identified the +1 ring mail of Card Tricks {rPois} (You
                  | found it on level 13 of the Dungeon)
 20076 | D:14     | Got a jewelled mace
 20267 | Lair:1   | Identified the +9 mace of Traps {drain, Str+3} (You found
                  | it on level 14 of the Dungeon)
 20533 | D:14     | Reached skill level 18 in Shields
 21282 | Orc:1    | Entered Level 1 of the Orcish Mines
 21779 | D:6      | Bought a potion of curing for 33 gold pieces
 21779 | D:6      | Bought a potion of curing for 33 gold pieces
 21779 | D:6      | Bought a potion of curing for 33 gold pieces
 21779 | D:6      | Bought a potion of curing for 33 gold pieces
 21779 | D:6      | Bought a potion of curing for 33 gold pieces
 22500 | Orc:2    | Entered Level 2 of the Orcish Mines
 22505 | Orc:2    | Paralysed by an orc sorcerer for 7 turns
 22514 | Orc:2    | HP: 2/130 [sixfirhy[an orc sorcerer] (9)]
 23430 | Orc:2    | Noticed an orc warlord
 23484 | Orc:1    | Killed an orc warlord
 23484 | Orc:1    | Reached XP level 15. HP: 116/137 MP: 12/14
 23503 | Orc:2    | Reached skill level 1 in Invocations
 23555 | Orc:2    | Found Paukho Aboc's Antique Weapon Shoppe.
 23570 | Orc:2    | Bought an iridescent falchion for 160 gold pieces
 23570 | Orc:2    | Identified the +3 falchion "Abanam" {antimagic, rPois rF+
                  | rC- MR++} (You bought it in a shop on level 2 of the Orcish
                  | Mines)
 23630 | Orc:2    | Found Ytta's Book Shop.
 23725 | Orc:2    | Noticed an orc warlord
 23982 | Orc:2    | Killed an orc warlord
 24052 | Orc:2    | Found Duhum's Antique Armour Shop.
 24122 | Orc:2    | Found Ukheb's General Store.
 24135 | Orc:2    | Found Tedulih's Magic Scroll Boutique.
 24144 | Orc:2    | Found a staircase to the Elven Halls.
 24711 | Lair:6   | Entered Level 6 of the Lair of Beasts
 24730 | Lair:6   | Reached skill level 19 in Shields
 24918 | Lair:6   | Received a gift from Okawaru
 25389 | Lair:6   | Received a gift from Okawaru
 25411 | Lair:6   | Got a crude double sword {god gift}
 25412 | Lair:6   | Identified the +7 double sword of Magyicw {holy, rElec}
                  | (Okawaru gifted it to you on level 6 of the Lair of Beasts)
 25830 | Lair:6   | Found a staircase to the Slime Pits.
 25863 | Lair:6   | Got an ancient ring mail
 25874 | Lair:6   | Identified the cursed +0 ring mail "Paclus" {*Corrode Dex+6
                  | Stlth+} (You found it on level 6 of the Lair of Beasts)
 26444 | D:15     | Entered Level 15 of the Dungeon
 26600 | D:15     | Found a gate leading to a gauntlet.
 26606 | Gauntlet | Entered a Gauntlet
 26606 | Gauntlet | Found a transporter.
 26611 | Gauntlet | Found a runed translucent door.
 26613 | Gauntlet | Found a transporter.
 26614 | Gauntlet | Found a transporter.
 26615 | Gauntlet | Found a transporter.
 26618 | Gauntlet | Found a transporter.
 26619 | Gauntlet | Found a transporter.
 26629 | Gauntlet | Found a transporter.
 26630 | Gauntlet | Found a transporter.
 26637 | Gauntlet | Found a runed translucent door.
 26647 | Gauntlet | Found a transporter.
 26667 | Gauntlet | Found a transporter.
 26669 | Gauntlet | Found a transporter.
 26677 | Gauntlet | Found a transporter.
 26709 | Gauntlet | Found a runed translucent door.
 26882 | Gauntlet | Got a translucent golden amulet
 26884 | Gauntlet | Identified the amulet "Qauxur" {+Rage rF+ rN+ Int+6 Dex-2}
                  | (You found it in a Gauntlet)
 27012 | Gauntlet | Identified the amulet of Atojuuba {+Rage rElec rF- MR+
                  | Dex+3}
 27276 | D:15     | Received a gift from Okawaru
 27828 | D:15     | Found a staircase to the Depths.
 28305 | Shoals:1 | Entered Level 1 of the Shoals
 28678 | Shoals:1 | Reached skill level 20 in Shields
 29050 | Shoals:1 | Identified the +0 pair of gloves of the Hanged Man {rC+ MR+
                  | Str+4 Int-4}
 29050 | Shoals:1 | Noticed Nikola
 29073 | Shoals:1 | Killed Nikola
 29073 | Shoals:1 | Reached XP level 16. HP: 140/147 MP: 15/15
 29076 | Shoals:1 | Noticed Jorgrun
 29196 | Lair:2   | Killed Jorgrun
 29196 | Lair:2   | Reached skill level 15 in Fighting
 29622 | Shoals:1 | Received a gift from Okawaru
 29629 | Shoals:1 | Got an iridescent demon blade {god gift}
 29632 | Shoals:1 | Identified the +6 demon blade of Vengeance {pain, rF- rC+++
                  | rN+++ Str+4} (Okawaru gifted it to you on level 1 of the
                  | Shoals)
 31606 | Shoals:3 | Received a gift from Okawaru
 31747 | Shoals:3 | Found a transporter.
 31822 | Shoals:3 | Reached skill level 21 in Shields
 31841 | Shoals:3 | Found a transporter.
 31945 | Shoals:3 | HP: 7/149 [drowned by a drowned soul[a merfolk avatar]
                  | (16)]
 31946 | Shoals:3 | Drowned by a drowned soul

Levels and vault maps discovered:
D:1:      minmay_arrival_diagonal_passages, layout_basic
D:2:      layout_loops_ring
D:3:      layout_loops_ring, nicolae_overflow_quartered_altars,
          kennysheep_flooded_box
D:4:      layout_loops_ring, lemuel_round_altar, temple_hall
D:5:      layout_cave_pods, first_ration, minmay_joined_circles,
          uniq_blork_the_orc
D:6:      layout_gridville, serial_shops, shop_statue,
          minmay_fractal_squares_diagonal_5, uniq_pikel
D:7:      layout_basic, basic_altar, uniq_duvessa, uniq_menkaure
D:8:      layout_rooms, kennysheep_generic_room_5, uniq_erica
D:9:      layout_small_grid, lemuel_crystal_altar, serial_shops, shop,
          david_nohive_1, st_stairs_4, uniq_gastronok
D:10:     layout_loops_ring, erik_lair_orcish_takeover, serial_rivers,
          chequers_serial_rivers_room_a, chequers_serial_rivers_room_b,
          chequers_serial_rivers_room_a, chequers_serial_rivers_micro_e,
          minmay_between, uniq_erolcha, uniq_harold
D:11:     layout_small_grid
D:12:     layout_irregular_city, kennysheep_orc_monster_closet_entryway,
          chequers_arboretum
D:13:     layout_rooms, david_vaults_3, grunt_decor_cap, minmay_librarian
D:14:     layout_grid_maze, enter_trove_3, minmay_stone_trees_small,
          palyth_stone_intersect, minmay_hollow_rounded_squares
D:15:     grunt_enter_depths_hoard, layout_basic, gauntlet_entry_generic,
          hangedman_abyss_or_decor_passed
Temple:   eino_temple_scatter_basement
Lair:1:   layout_regular_city, minmay_lair_oklob_items, beast_lair_carwin_2,
          lemuel_fruit_tree, uniq_grum
Lair:2:   layout_roguey, elwin_shoals_entry_stream, patterned_corridor
Lair:3:   layout_cave_pods
Lair:4:   layout_cave_pods, spider_nest_entry_webs, minmay_another_anthill,
          uniq_sonja
Lair:5:   layout_concentric_octagons, grunt_megastairs_5
Lair:6:   grunt_lair_end_beastmaster, layout_small_grid,
          minmay_slime_entry_oklob_enclosed, serial_bayou_ford_a,
          serial_bayou_shore_a
Shoals:1: layout_shoals, kb_tengu_band, uniq_jorgrun, uniq_nikola
Shoals:2: layout_shoals
Shoals:3: gammafunk_its_a_trap, layout_shoals, nicolae_shoals_undead_eyrie
Orc:1:    layout_diamond_mine
Orc:2:    grunt_orc_gardens, layout_diamond_mine, grunt_orc_garden,
          grunt_orc_garden, grunt_orc_garden, grunt_orc_garden, serial_shops,
          shop, mines3_lemuel

Skill      XL: |  1  2  3  4  5  6  7  8  9 10 11 12 13 14 15 16 |
---------------+-------------------------------------------------+-----
Shields        | 4 5 6 7 9 11 12 14 16 18 20 21 | 21.1
Fighting       | 4 5 6 7 8 10 11 12 13 14 15 | 15.4
Armour         | 4 5 7 8 10 11 12 13 14 | 14.0
Long Blades    | 3 4 5 6 7 9 10 12 13 15 16 17 | 17.4
Dodging        | 1 2 3 4 |  4.3
Stealth        | 1 2 |  2.9
Invocations    | 1 |  1.3
Evocations     | |  0.3

Action                   |  1- 3 |  4- 6 |  7- 9 | 10-12 | 13-15 | 16-18 || total
-------------------------+-------+-------+-------+-------+-------+-------++-------
Melee: Long sword        |    86 |   116 |   307 |       |   561 |       ||  1070
       Headbutt          |    14 |    37 |    92 |   209 |   561 |   100 ||  1013
       Scimitar          |       |       |       |   775 |   781 |       ||  1556
       Double sword      |       |       |       |       |   291 |   297 ||   588
       Falchion          |       |       |       |       |   100 |       ||   100
Invok: Heroism           |       |       |     1 |     4 |    14 |     1 ||    20
Evoke: Wand              |       |       |       |     3 |     4 |       ||     7
  Use: Scroll            |       |       |     8 |     6 |    20 |       ||    34
       Potion            |       |       |     1 |       |     3 |     2 ||     6
 Stab: Distracted        |       |       |       |       |     1 |       ||     1
       Petrified         |       |       |       |       |     6 |       ||     6
  Eat: Chunk             |     1 |     4 |    16 |    18 |    39 |     6 ||    84
       Ration            |       |       |       |     1 |     4 |     1 ||     6
Armor: Scale mail        |    32 |    10 |       |       |       |       ||    42
       Plate armour      |       |    44 |   111 |   161 |   538 |   134 ||   988
Dodge: Dodged            |    22 |    21 |    43 |    90 |   384 |    85 ||   645
       Deflected         |       |       |       |       |     4 |    22 ||    26
Block: Shield            |    34 |    72 |   177 |   636 |  1810 |   408 ||  3137
       Reflection        |       |       |     1 |    16 |    93 |    61 ||   171
       Rpst.: Long sword |     4 |     6 |     5 |       |    26 |       ||    41
       Scimitar          |       |       |       |    24 |    49 |       ||    73
       Double sword      |       |       |       |       |    22 |    18 ||    40
       Falchion          |       |       |       |       |     6 |       ||     6

Table legend:
 A = Non-vault XP
 B = Vault XP
 C = Vault XP percentage of total XP
 D = Non-vault monster count
 E = Vault monster count
 F = Vault count percentage of total count
                 A         B        C        D         E       F
            +---------+---------+-------+---------+---------+-------
      Total |  117037 |   75547 |  39.2 |     641 |     227 |  26.2
            +---------+---------+-------+---------+---------+-------
        D:1 |      15 |       0 |   0.0 |       7 |       0 |   0.0
        D:2 |      97 |       0 |   0.0 |      24 |       0 |   0.0
        D:3 |     197 |       0 |   0.0 |      19 |       0 |   0.0
        D:4 |     682 |       0 |   0.0 |      21 |       0 |   0.0
        D:5 |     168 |     274 |  62.0 |       7 |      10 |  58.8
        D:6 |     476 |     890 |  65.2 |       8 |       6 |  42.9
        D:7 |    1346 |     402 |  23.0 |      21 |       3 |  12.5
        D:8 |    1840 |    1029 |  35.9 |      24 |       2 |   7.7
        D:9 |    2282 |    4611 |  66.9 |      27 |      21 |  43.8
       D:10 |    3361 |    2489 |  42.5 |      26 |       8 |  23.5
       D:11 |    5234 |       0 |   0.0 |      39 |       0 |   0.0
       D:12 |    7254 |    5480 |  43.0 |      41 |      36 |  46.8
       D:13 |    5744 |    2568 |  30.9 |      19 |       5 |  20.8
       D:14 |    8355 |    6859 |  45.1 |      42 |      16 |  27.6
       D:15 |   10636 |    2043 |  16.1 |      46 |       2 |   4.2
     Lair:1 |    3468 |    2358 |  40.5 |      18 |       8 |  30.8
     Lair:2 |    7739 |    5475 |  41.4 |      29 |       7 |  19.4
     Lair:3 |    4649 |    1770 |  27.6 |      27 |       4 |  12.9
     Lair:4 |    5862 |    5277 |  47.4 |      21 |      27 |  56.2
     Lair:5 |    3040 |     247 |   7.5 |      18 |       1 |   5.3
     Lair:6 |    3485 |   10242 |  74.6 |      13 |      19 |  59.4
   Shoals:1 |   12082 |    4139 |  25.5 |      29 |       1 |   3.3
   Shoals:2 |    9964 |       0 |   0.0 |      24 |       0 |   0.0
   Shoals:3 |   11476 |    1402 |  10.9 |      21 |       5 |  19.2
      Orc:1 |    3494 |    2808 |  44.6 |      40 |       5 |  11.1
      Orc:2 |    4091 |    9804 |  70.6 |      30 |      23 |  43.4
   Gauntlet |       0 |    5380 | 100.0 |       0 |      18 | 100.0
            +---------+---------+-------+---------+---------+-------
